 Dungeon Crawl Stone Soup version 0.19.1 (webtiles) character file.

802 Qew7 the Sneak (level 7, 0/62 HPs)
             Began as a Deep Dwarf Gladiator on Dec 14, 2016.
             Slain by a killer bee (7 damage)
             ... on level 5 of the Dungeon.
             The game lasted 00:22:54 (2647 turns).

Qew7 the Sneak (Deep Dwarf Gladiator)               Turns: 2647, Time: 00:22:55

Health: 0/62       AC:  8    Str: 20    XL:     7   Next: 59%
Magic:  7/7        EV: 10    Int:  9    God:
Gold:   222        SH:  8    Dex: 13    Spells: 0 memorised, 6 levels left

rFire  . . .     SeeInvis +     s - +0 rapier
rCold  . . .     Gourm    .     l - +0 ring mail
rNeg   . . .     Faith    .     y - +0 shield
rPois  +         Spirit   .     u - +0 helmet
rElec  .         Reflect  .     r - +0 cloak
rCorr  .         Harm     .     q - +0 pair of gloves
MR     +....                    (no boots)
Stlth  ++........               (no amulet)
                                t - ring of poison resistance
                                g - ring of see invisible

@: lethally poisoned (0 -> 0), non-regenerating
A: damage resistance, recharge devices, sense surroundings 1, slow regeneration
3
a: Device Recharging


You were on level 5 of the Dungeon.
You were hungry.

You visited 1 branch of the dungeon, and saw 5 of its levels.

You collected 222 gold pieces.

Inventory:

Hand Weapons
 a - a +0 long sword
 f - a +4 quarterstaff of chaos
 s - a +0 rapier (weapon)
 w - a +1 short sword of venom
 z - a +0 trident
 B - a +2 mace of crushing
 C - a +0 scythe
Missiles
 m - 5 silver javelins (quivered)
Armour
 b - a +0 leather armour
 c - a +0 helmet
 l - a +0 ring mail (worn)
 q - a +0 pair of gloves (worn)
 r - a +0 cloak (worn)
 u - a +0 helmet (worn)
 y - a +0 shield (worn)
Jewellery
 g - a ring of see invisible (left hand)
 i - an uncursed ring of magical power
 t - a ring of poison resistance (right hand)
Wands
 e - a wand of heal wounds (0/9)
 A - a wand of digging (7/24)
Scrolls
 n - 3 scrolls of remove curse
 p - 3 scrolls of teleportation
 v - 2 scrolls of identify
Potions
 o - a potion of flight
Books
 D - a book of Cantrips

   Spells                             Type                      Level
   a - Confusing Touch                Hexes                        1
   b - Animate Skeleton               Necromancy                   1
   c - Summon Small Mammal            Summoning                    1
   d - Apportation                    Translocation                1
Comestibles
 j - 4 meat rations
 k - 3 fruits
 x - a bread ration


   Skills:
 + Level 3.1 Fighting
 + Level 3.2(4.2) Short Blades
 + Level 4.6(5.2) Long Blades
 - Level 1.7 Throwing
 + Level 2.6 Armour
 + Level 4.4 Dodging
 * Level 5.1 Stealth
 + Level 1.8 Shields
 + Level 0.6 Evocations


You had 6 spell levels left.
You didn't know any spells.

Dungeon Overview and Level Annotations

Branches:
Dungeon (5/15)
 Temple: D:4-7

Altars:
Nemelex Xobeh
Xom


Innate Abilities, Weirdness & Mutations

You are resistant to damage.
You can recharge devices by infusing magical energy.
You passively map a small area around you.
You do not regenerate.


Message History

You miss the killer bee.
The killer bee is severely wounded.
The killer bee barely misses you. The killer bee misses you.
The killer bee stings you but does no damage.
You hit the killer bee but do no damage.
The killer bee is severely wounded.
The killer bee barely misses you. The killer bee closely misses you.
You closely miss the killer bee.
The killer bee is heavily wounded.
The killer bee stings you.
The killer bee stings you but does no damage.
You closely miss the killer bee.
The killer bee is heavily wounded.
The killer bee barely misses you. The killer bee stings you.
* * * LOW HITPOINT WARNING * * *
You block the killer bee's attack.
You hit the killer bee but do no damage.
The killer bee is heavily wounded.
The killer bee stings you!
You die...

* * #.#
#.# *, #.#
*, #.# * *
#.##### ,,
* *
#.#...# ,
#y#.#.# ,
#@#.#.# ,
*#.#.#.#
#...#.# *
,,#####.#,
* ,*
#...#.# *
#.#.#.# *
, ,
#.#.#.# *
*
#.#.#.#.#
,* *
*#.#...#.#


You could see a killer bee.

Vanquished Creatures
  A sky beast (D:5)
  An ice beast (D:4)
  An ogre (D:4)
  3 killer bees (D:5)
  A howler monkey (D:4)
  Crazy Yiuf (D:2)
  A bullfrog skeleton (D:4)
  An orc priest (D:3)
  Jessica (D:2)
  A worker ant (D:4)
  An iguana (D:4)
  Robin (D:4)
  9 adders
  2 oozes
  4 worms
  2 dart slugs
  3 leopard geckos
  6 orcs (D:3)
  2 ball pythons
  7 bats
  5 giant cockroaches
  16 goblins
  7 hobgoblins
  4 jackals (D:1)
  6 kobolds
  A quokka (D:3)
  A ball python skeleton (D:4)
  3 frilled lizards
  5 rats
97 creatures vanquished.

Vanquished Creatures (others)
  4 toadstools (D:1)
4 creatures vanquished.

Grand Total: 101 creatures vanquished

Notes
Turn   | Place    | Note
-------+----------+-------------------------------------------
     0 | D:1      | Qew7 the Deep Dwarf Gladiator began the quest for the Orb.
     0 | D:1      | Reached XP level 1. HP: 19/19 MP: 1/1
    53 | D:1      | Reached skill level 1 in Stealth
    69 | D:1      | Reached XP level 2. HP: 26/26 MP: 2/2
   145 | D:1      | Reached skill level 2 in Stealth
   215 | D:1      | Reached XP level 3. HP: 19/32 MP: 3/3
   502 | D:2      | Found a sparkling altar of Nemelex Xobeh.
   529 | D:2      | Noticed Jessica
   543 | D:2      | Killed Jessica
   586 | D:2      | Reached XP level 4. HP: 39/39 MP: 4/4
   641 | D:2      | Found a runed door.
   732 | D:2      | Reached skill level 1 in Armour
  1001 | D:2      | Reached XP level 5. HP: 35/46 MP: 5/5
  1026 | D:2      | Noticed Crazy Yiuf
  1034 | D:2      | Killed Crazy Yiuf
  1034 | D:2      | Reached skill level 3 in Stealth
  1220 | D:3      | Found a shimmering altar of Xom.
  1221 | D:3      | Found a shimmering altar of Xom.
  1222 | D:3      | Found a shimmering altar of Xom.
  1246 | D:3      | Found a shimmering altar of Xom.
  1927 | D:4      | Noticed Robin
  1951 | D:4      | Killed Robin
  1951 | D:4      | Reached XP level 6. HP: 39/55 MP: 6/6
  2043 | D:4      | Reached skill level 1 in Short Blades
  2076 | D:4      | Reached skill level 1 in Shields
  2157 | D:4      | Noticed an ice beast
  2193 | D:4      | Killed an ice beast
  2193 | D:4      | Reached skill level 4 in Stealth
  2484 | D:4      | Reached XP level 7. HP: 45/61 MP: 7/7
  2535 | D:5      | Entered Level 5 of the Dungeon
  2616 | D:5      | Reached skill level 5 in Stealth
  2647 | D:5      | Slain by a killer bee

Skill      XL: |  1  2  3  4  5  6  7 |
---------------+----------------------+-----
Stealth        | 1 2 3 4 5 |  5.1
Fighting       | 2 3 |  3.1
Long Blades    | 4 |  4.6
Armour         | 1 2 |  2.6
Dodging        | 4 |  4.4
Short Blades   | 2 3 |  3.2
Shields        | 1 |  1.8
Throwing       | |  1.7
Evocations     | |  0.6

Action                   |  1- 3 |  4- 6 |  7- 9 || total
-------------------------+-------+-------+-------++-------
Melee: Long sword        |    78 |    81 |       ||   159
       Rapier            |       |   186 |    57 ||   243
Throw: Throwing net      |     2 |     3 |       ||     5
       Javelin           |       |     5 |       ||     5
Evoke: Wand              |     1 |     4 |     1 ||     6
  Use: Scroll            |     4 |     3 |       ||     7
       Potion            |     2 |     3 |       ||     5
 Stab: Sleeping          |     2 |     5 |     1 ||     8
       Held in net/web   |       |     1 |       ||     1
  Eat: Bread ration      |       |     1 |       ||     1
       Pizza             |       |     1 |       ||     1
Armor: Leather armour    |    17 |       |       ||    17
       Ring mail         |     5 |    88 |    21 ||   114
Dodge: Dodged            |    55 |   125 |    29 ||   209
Block: Shield            |       |    59 |    39 ||    98
       Rpst.: Long sword |    21 |     8 |       ||    29
